 Dungeon Crawl Stone Soup version 0.24-a0-176-gc3651c4 (console) character file.

Game seed: 4999677987155972697

23591 Duffy the Grappler (level 12, 0/121 HPs)
             Began as a Grey Draconian Transmuter on Mar 12, 2019.
             Was an Initiate of Ru.
             Slain by a komodo dragon (4 damage)
             ... on level 3 of the Lair of Beasts.
             The game lasted 00:23:36 (21055 turns).

Duffy the Grappler (Grey Draconian Transmuter)     Turns: 21055, Time: 00:23:38

Health: 0/121      AC:  7    Str: 13    XL:     12   Next: 73%
Magic:  18/21      EV: 17    Int: 19    God:    Ru [......]
Gold:   804        SH:  0    Dex: 11    Spells: 1/23 levels left

rFire    x . .     SeeInvis .     - Unarmed
rCold    + + +     Gourm    .   (shield currently unavailable)
rNeg     . . .     Faith    +   (armour unavailable)
rPois    +         Spirit   .   (helmet currently unavailable)
rElec    .         Reflect  .   (cloak currently unavailable)
rCorr    .         Harm     .   (gloves currently unavailable)
MR       .....                  (boots currently unavailable)
Stlth    ..........             v - amulet of faith
HPRegen  0.30/turn              h - +3 ring of evasion
MPRegen  0.17/turn              w - ring of attention (curse)

@: lethally poisoned (0 -> -10), about to teleport, ice-form
A: large, (walk through water), unfitting armour, AC +13
a: End Transformation, Renounce Religion


You were on level 3 of the Lair of Beasts.
You worshipped Ru.
Ru was noncommittal.
You were hungry.
You were a creature of crystalline ice.
You visited 3 branches of the dungeon, and saw 14 of its levels.
You also visited: Bailey.

You collected 804 gold pieces.

Inventory:

Hand Weapons
 C - a +0 blowgun
Missiles
 a - 282 arrows
Armour
 E - a +0 pair of gloves (melded)
 H - a +0 cloak (melded)
 P - a scarf of cloud immunity
 R - the +0 cloak of Inviolability {MR- Dex+4 SInv}
   (You found it on level 2 of the Lair of Beasts)

   It affects your dexterity (+4).
   It affects your resistance to hostile enchantments.
   It lets you see invisible.
Magical Staves
 S - an uncursed staff of poison (melded) {!a}
Jewellery
 h - a +3 ring of evasion (left front paw)
 o - an uncursed ring of stealth
 v - an amulet of faith (around neck)
 w - a cursed ring of attention (right front paw)
 J - an uncursed amulet of the acrobat {unknown}
 N - an uncursed ring of ice
Wands
 y - a wand of disintegration (6)
 F - a wand of iceblast (12)
 O - a wand of acid (7)
 T - a wand of polymorph (7)
Scrolls
 d - a scroll of noise {unknown}
 f - 3 scrolls of remove curse
 g - 4 scrolls of fear {unknown}
 k - 10 scrolls of teleportation
 n - 3 scrolls of magic mapping {unknown}
 r - 2 scrolls of blinking {unknown}
 t - a scroll of enchant weapon {unknown}
 u - 4 scrolls of immolation {unknown}
 x - 3 scrolls of enchant armour
 D - 2 scrolls of random uselessness {unknown}
 G - a scroll of brand weapon {unknown}
 K - 3 scrolls of fog {unknown}
 L - 5 scrolls of silence
 M - a scroll of acquirement {unknown}
 Q - a scroll of amnesia {unknown}
Potions
 b - a potion of mutation {unknown}
 e - a potion of magic
 i - 5 potions of agility
 j - 2 potions of might
 l - 5 potions of flight
 m - a potion of berserk rage
 p - a potion of lignification
 q - 4 potions of curing
 s - 3 potions of haste
 z - 4 potions of heal wounds
 A - a potion of invisibility
 B - 3 potions of brilliance
 V - a potion of cancellation
Miscellaneous
 I - a fan of gales
Comestibles
 c - 32 rations
 U - 5 chunks of flesh


   Skills:
 - Level 8.0 Fighting
 + Level 9.8 Dodging
 + Level 11.6 Unarmed Combat
 - Level 6.0 Spellcasting
 - Level 9.0 Transmutations
 - Level 4.5 Ice Magic
 - Level 3.0 Poison Magic
 - Level 6.0 Evocations


You had one spell level left.
You knew the following spells:

 Your Spells              Type           Power        Failure   Level  Hunger
a - Apportation           Tloc           #.....       11%         1    None
h - Ice Form              Ice/Tmut       ####....     7%          4    ####...
j - Spider Form           Tmut/Pois      ####......   2%          3    ##.....
k - Blade Hands           Tmut           #####.....   8%          5    #####..
n - Sticks to Snakes      Tmut           #####...     1%          2    None
o - Mephitic Cloud        Conj/Pois/Air  #.......     22%         3    ##.....
w - Beastly Appendage     Tmut           #####.       1%          1    None
y - Regeneration          Chrm/Necr      #.........   32%         3    ##.....

Your spell library contained the following spells:

 Spells                   Type           Power        Failure   Level  Hunger
 Animate Skeleton         Necr           N/A          11%         1    None
 Confusing Touch          Hex            #.....       11%         1    None
 Pain                     Necr           #...         11%         1    None
 Summon Small Mammal      Summ           #...         11%         1    None
 Poisonous Vapours        Pois/Air       ##....       9%          2    None
 Conjure Flame            Conj/Fire      #.......     32%         3    ##.....
 Vampiric Draining        Necr           #.........   32%         3    ##.....
 Animate Dead             Necr           N/A          73%         4    ####...
 Freezing Cloud           Conj/Ice/Air   ##........   100%        6    #######
 Ring of Flames           Chrm/Fire      #.........   100%        7    #######


Dungeon Overview and Level Annotations

Branches:
Dungeon (10/15)            Temple (1/1) D:6            Lair (3/6) D:9
  Swamp: Lair:2-4    Shoals: Lair:2-4     Snake: Lair:2-4    Spider: Lair:2-4
    Orc: D:9-12

Altars:
Ashenzari
Cheibriados
Dithmenos
Elyvilon
Fedhas
Gozag
Hepliaklqana
Kikubaaqudgha
Makhleb
Nemelex Xobeh
Okawaru
Qazlal
Ru
Sif Muna
Trog
Uskayaw
Vehumet
Wu Jian
Xom
Yredelemnul
Zin
The Shining One


Innate Abilities, Weirdness & Mutations

((You can walk through water.))
((Your dull iron-grey scales are very hard. (AC +13)))
You cannot fit into any form of body armour.
((You can survive without breathing.))
((You are cold-blooded and may be slowed by cold attacks.))


Message History

The komodo dragon bites you!! The spiny frog stings you.
You are poisoned.
The spiny frog poisons you!
You hit the komodo dragon. You freeze the komodo dragon.
The komodo dragon is moderately wounded.
You feel sick. The spiny frog barely misses you. The komodo dragon bites you!
You punch the komodo dragon!
The komodo dragon seems to slow down.
You freeze the komodo dragon.
The komodo dragon is heavily wounded.
You feel sick. The spiny frog barely misses you.
You hit the komodo dragon but do no damage.
The komodo dragon is heavily wounded.
You feel sick. The komodo dragon bites you!! The spiny frog stings you.
You feel sick. The spiny frog stings you!!
You see here a twisted opal ring.
As you read the scroll of teleportation, it crumbles to dust.
You feel strangely unstable.
You feel sick.
The komodo dragon is no longer moving slowly.
The spiny frog stings you!! The komodo dragon bites you.
You die...

.# ....... .. ....####.
... ....P.#+... #........
.... .......... .........
..#.#........... ##......
......#......[.# #.......
#.....#........P #.......
..>............##
##...P..
#......l........#
##...#P# #.....#FY......#
#....###
#...#.#........## ##....#
................# #...##
...............# ##...#
..............# #P...#
..............#####...##
.......................##
..######.##..............
.# #####..#####......


You could see a komodo dragon and a spiny frog.

Vanquished Creatures
  Fannar (Lair:1)
  2 two-headed ogres (D:8)
  A deep elf knight (Bailey)
  9 deep elf magi (Bailey)
  Maurice (D:9)
  2 black mambas (Lair:2)
  7 spiny frogs
  2 komodo dragons
  A rime drake (Lair:1)
  A troll (D:9)
  2 queen bees
  Prince Ribbit (D:9)
  11 hippogriffs
  A wyvern (D:10)
  18 yaks
  2 basilisks
  A wraith (D:10)
  8 water moccasins
  Duvessa (D:4)
  An orc warrior (D:10)
  A porcupine (Lair:2)
  An ice beast (D:7)
  3 sky beasts
  2 eyes of draining (D:10)
  A necrophage (D:9)
  4 centaurs
  A phantom (D:5)
  3 ogres
  8 wolves
  7 crocodiles
  Blork the orc (D:6)
  A big kobold (D:8)
  An elf zombie (D:9)
  7 bullfrogs
  Dowan (D:4)
  An elf skeleton (D:9)
  2 scorpions
  38 killer bees
  A howler monkey (D:6)
  3 wights (D:9)
  A bullfrog zombie (D:10)
  2 crimson imps (D:10)
  A centaur zombie (D:9)
  3 human zombies (D:9)
  4 jellies
  6 orc priests
  2 bullfrog skeletons
  2 centaur skeletons
  2 hounds
  7 orc wizards
  Terence (D:2)
  2 iguanas (D:7)
  9 worker ants
  A hound zombie (D:6)
  3 mummies (D:9)
  A hound skeleton (D:7)
  A worker ant zombie (D:5)
  7 gnolls
  A howler monkey skeleton (D:6)
  11 adders
  2 shadow imps
  An ooze (D:5)
  An adder zombie (D:6)
  An adder skeleton (D:6)
  A worm (D:2)
  2 leopard geckos
  35 orcs
  6 bats
  8 giant cockroaches
  5 goblins
  7 hobgoblins
  10 jackals
  18 kobolds
  2 quokkas
  3 ball pythons
  4 frilled lizards
  A leopard gecko zombie (D:7)
  An orc zombie (D:9)
  5 rats
340 creatures vanquished.

Vanquished Creatures (others)
  A bush (Lair:2)
  A fungus (Lair:1)
  A plant (Lair:2)
3 creatures vanquished.

Grand Total: 343 creatures vanquished

Notes
Turn   | Place    | Note
-------+----------+-------------------------------------------
     0 | D:1      | Duffy the Draconian Transmuter began the quest for the Orb.
     0 | D:1      | Reached XP level 1. HP: 16/16 MP: 3/3
   192 | D:1      | Reached XP level 2. HP: 19/23 MP: 5/5
   264 | D:1      | Learned a level 2 spell: Sticks to Snakes
   775 | D:1      | Reached XP level 3. HP: 25/28 MP: 4/6
   788 | D:1      | Learned a level 3 spell: Spider Form
  1582 | D:2      | Reached skill level 1 in Poison Magic
  1745 | D:2      | Reached skill level 4 in Unarmed Combat
  1745 | D:2      | Reached XP level 4. HP: 26/35 MP: 5/7
  2410 | D:2      | Noticed Terence
  2451 | D:2      | Killed Terence
  2921 | D:3      | Found a shadowy altar of Dithmenos.
  2971 | D:3      | Reached XP level 5. HP: 40/40 MP: 6/8
  4441 | D:4      | Reached XP level 6. HP: 32/47 MP: 5/9
  4701 | D:4      | Reached skill level 5 in Unarmed Combat
  5322 | D:5      | Entered Level 5 of the Dungeon
  5348 | D:5      | Reached skill level 5 in Transmutations
  5348 | D:5      | Your scales start taking on a dull iron-grey colour.
  5348 | D:5      | Reached XP level 7. HP: 43/52 MP: 7/10
  5348 | D:5      | Gained mutation: You can survive without breathing. [Grey
                  | Draconian growth]
  5435 | D:5      | Reached skill level 6 in Unarmed Combat
  5570 | D:5      | Found a white marble altar of Elyvilon.
  5683 | D:5      | Noticed Duvessa
  5684 | D:5      | Noticed Dowan
  5723 | D:4      | Killed Duvessa
  5727 | D:4      | Killed Dowan
  6196 | D:6      | Reached XP level 8. HP: 61/61 MP: 8/12
  6270 | D:6      | Found a staircase to the Ecumenical Temple.
  6313 | D:5      | Reached skill level 7 in Unarmed Combat
  6334 | Temple   | Entered the Ecumenical Temple
  6557 | Temple   | Became a worshipper of Ru the Awakened
  6899 | D:6      | Noticed Blork the orc
  6925 | D:6      | Killed Blork the orc
  7102 | D:6      | Found a shattered altar of Ashenzari.
  7193 | D:6      | Reached skill level 1 in Evocations
  8086 | D:7      | Reached skill level 8 in Unarmed Combat
  8294 | D:7      | Reached skill level 5 in Dodging
  8295 | D:7      | Reached XP level 9. HP: 41/67 MP: 13/13
  9755 | D:8      | Noticed a queen bee
  9769 | D:7      | Killed a queen bee
 10970 | D:8      | Noticed a two-headed ogre
 11001 | D:8      | Killed a two-headed ogre
 11001 | D:8      | Reached skill level 5 in Fighting
 11001 | D:8      | Reached skill level 9 in Unarmed Combat
 11135 | D:8      | Reached XP level 10. HP: 63/81 MP: 8/14
 11215 | D:9      | Learned a level 4 spell: Ice Form
 11243 | D:9      | Found an ancient bone altar of Kikubaaqudgha.
 11275 | D:8      | Noticed a two-headed ogre
 11290 | D:8      | Killed a two-headed ogre
 11969 | D:9      | Learned a level 5 spell: Blade Hands
 12005 | D:9      | Reached skill level 10 in Unarmed Combat
 12166 | D:9      | Found a staircase to the Lair.
 12458 | D:9      | Reached skill level 1 in Ice Magic
 12750 | D:9      | Noticed Prince Ribbit
 12774 | D:9      | Killed Prince Ribbit
 13119 | D:9      | Found a blossoming altar of Fedhas.
 13321 | D:9      | Noticed Maurice
 13356 | D:9      | Killed Maurice
 13614 | D:9      | Found a basalt altar of Yredelemnul.
 13889 | D:10     | Entered Level 10 of the Dungeon
 14055 | D:10     | Found a flagged portal.
 14064 | Bailey   | Entered a bailey
 14070 | Bailey   | Noticed a deep elf mage
 14087 | Bailey   | Killed a deep elf mage
 14087 | Bailey   | Reached XP level 11. HP: 45/88 MP: 14/17
 14384 | Bailey   | Noticed a deep elf mage
 14384 | Bailey   | Noticed a deep elf mage
 14402 | Bailey   | Killed a deep elf mage
 14408 | Bailey   | Killed a deep elf mage
 14428 | Bailey   | Noticed a deep elf mage
 14428 | Bailey   | Noticed a deep elf mage
 14444 | Bailey   | Killed a deep elf mage
 14444 | Bailey   | Reached skill level 5 in Spellcasting
 14448 | Bailey   | Killed a deep elf mage
 14448 | Bailey   | Reached skill level 5 in Evocations
 14481 | Bailey   | Noticed a deep elf mage
 14492 | Bailey   | Killed a deep elf mage
 14493 | Bailey   | Noticed a deep elf mage
 14500 | Bailey   | Killed a deep elf mage
 14678 | Bailey   | Noticed a deep elf knight
 14699 | Bailey   | Killed a deep elf knight
 14765 | Bailey   | Noticed a deep elf mage
 14765 | Bailey   | Noticed a deep elf mage
 14776 | Bailey   | Killed a deep elf mage
 14777 | Bailey   | Killed a deep elf mage
 16380 | Lair:1   | Entered Level 1 of the Lair of Beasts
 17283 | Lair:1   | Noticed Fannar
 17337 | Lair:1   | Killed Fannar
 17337 | Lair:1   | Reached XP level 12. HP: 44/96 MP: 16/21
 19405 | Lair:2   | Learned a level 1 spell: Apportation
 19409 | Lair:2   | Learned a level 3 spell: Mephitic Cloud
 19413 | Lair:2   | Learned a level 3 spell: Regeneration
 19571 | Lair:2   | Reached skill level 11 in Unarmed Combat
 19693 | Lair:2   | Got a slimy cloak
 19704 | Lair:2   | Identified the +0 cloak of Inviolability {MR- Dex+4 SInv}
                  | (You found it on level 2 of the Lair of Beasts)
 21055 | Lair:3   | HP: 4/121 [spiny frog (18)]
 21055 | Lair:3   | Slain by a komodo dragon

Levels and vault maps discovered:
D:1:      sevenhm_arrival_forest_fort_small_3, layout_basic
D:2:      layout_basic, first_ration, chequers_big_river, uniq_terence
D:3:      layout_basic, grunt_dithmenos_smoke, grunt_ministairs_11
D:4:      layout_rooms, minmay_curled_crystal
D:5:      layout_cave_pools, elyvilon_altar_4, uniq_duvessa
D:6:      layout_loops_ring, minmay_temple_entry_ruins,
          hangedman_decor_opposing, st_stairs_7, ashenzari_altar_1,
          uniq_blork_the_orc
D:7:      layout_loops_corners, st_stairs_5
D:8:      layout_loops_cross, david_nohive_1
D:9:      layout_loops_corners, marbit_many_paths, kiku_gazebo_garden_becter,
          david_lair_generic, lemuel_mausoleum_altar_yredelemnul,
          uniq_prince_ribbit1, uniq_maurice
D:10:     layout_roguey, enter_bailey_8, nicolae_two_hexagons
Temple:   eino_narrow_crystal_temple
Lair:1:   layout_hall_layers, special_room [special_room_bee], uniq_fannar
Lair:2:   layout_loops_ring, grunt_megastairs_4, infiniplex_staircase_pool_2
Lair:3:   layout_chaotic_city, minmay_shoals_entry_beasts,
          nicolae_quartered_pool_medium, st_stairs_3, beast_lair_carwin_5
Bailey:   bailey_polearm_3, bailey

Skill      XL: |  1  2  3  4  5  6  7  8  9 10 11 12 |
---------------+-------------------------------------+-----
Transmutations | 3 4 5 6 9 |  9.0
Poison Magic   | 1 2 3 |  3.0
Unarmed Combat | 4 5 6 8 9 10 11 | 11.6
Dodging        | 2 5 6 8 9 |  9.8
Fighting       | 2 5 6 8 |  8.0
Spellcasting   | 3 4 6 |  6.0
Evocations     | 3 4 6 |  6.0
Ice Magic      | 3 4 |  4.5

Action                   |  1- 3 |  4- 6 |  7- 9 | 10-12 || total
-------------------------+-------+-------+-------+-------++-------
Melee: Unarmed           |   157 |   213 |   431 |   686 ||  1487
       Tailslap          |    18 |     9 |    26 |    17 ||    70
       Kick              |    17 |     3 |       |       ||    20
       Headbutt          |     4 |     6 |     1 |       ||    11
       Punch             |     2 |     2 |    11 |    11 ||    26
 Cast: Beastly Appendage |    25 |    21 |     3 |       ||    49
       Spider Form       |       |    11 |    20 |    27 ||    58
       Ice Form          |       |       |       |    27 ||    27
       Blade Hands       |       |       |       |     1 ||     1
Invok: Reject Sacrifices |       |       |       |     1 ||     1
 Abil: End Transformatio |       |       |       |     4 ||     4
Evoke: Wand              |       |       |     7 |     6 ||    13
  Use: Scroll            |       |       |    10 |     9 ||    19
 Stab: Sleeping          |     2 |     1 |     1 |       ||     4
       Confused          |       |       |       |     2 ||     2
  Eat: Chunk             |     3 |    14 |    11 |    20 ||    48
       Ration            |       |       |     3 |     5 ||     8
Armor: Skin              |    44 |    28 |   101 |   114 ||   287
Dodge: Dodged            |   124 |   169 |   402 |   487 ||  1182

Table legend:
 A = Non-vault XP
 B = Vault XP
 C = Vault XP percentage of total XP
 D = Non-vault monster count
 E = Vault monster count
 F = Vault count percentage of total count
                 A         B        C        D         E       F
            +---------+---------+-------+---------+---------+-------
      Total |   19931 |   13771 |  40.9 |     260 |      80 |  23.5
            +---------+---------+-------+---------+---------+-------
        D:1 |      51 |       0 |   0.0 |      30 |       0 |   0.0
        D:2 |     106 |      36 |  25.4 |      22 |       1 |   4.3
        D:3 |     113 |       2 |   1.7 |      18 |       1 |   5.3
        D:4 |     374 |     218 |  36.8 |      22 |       2 |   8.3
        D:5 |     491 |       2 |   0.4 |      11 |       1 |   8.3
        D:6 |     514 |     114 |  18.2 |      21 |       2 |   8.7
        D:7 |    1156 |     983 |  46.0 |      21 |      12 |  36.4
        D:8 |    2659 |     254 |   8.7 |      19 |       4 |  17.4
        D:9 |    1282 |    2109 |  62.2 |      12 |      19 |  61.3
       D:10 |    2465 |       0 |   0.0 |      31 |       0 |   0.0
     Temple |      85 |       0 |   0.0 |       3 |       0 |   0.0
     Lair:1 |    2519 |    2505 |  49.9 |      12 |      21 |  63.6
     Lair:2 |    4854 |     348 |   6.7 |      24 |       2 |   7.7
     Lair:3 |    3262 |    1267 |  28.0 |      14 |       5 |  26.3
     Bailey |       0 |    5933 | 100.0 |       0 |      10 | 100.0
            +---------+---------+-------+---------+---------+-------
